 Dungeon Crawl Stone Soup version 0.31-a0-217-g58bb5d79cf (webtiles) character file.

Game seed: 14032708192586625586

53 pokeman the Magician (level 3, -4/20 HPs)
             Began as a Deep Elf Hedge Wizard on July 2, 2023.
             Slain by a worm (10 damage)
             ... on level 2 of the Dungeon.
             The game lasted 00:01:53 (1236 turns).

pokeman the Magician (Deep Elf Hedge Wizard)        Turns: 1236, Time: 00:01:54

Health: -4/20      AC:  2    Str:  7    XL:     3   Next: 62%
Magic:  1/11       EV: 12    Int: 20    God:
Gold:   109        SH:  0    Dex: 14    Spells: 4/12 levels left

rFire   . . .        a - +0 dagger
rCold   . . .        (no shield)
rNeg    . . .        b - +0 robe
rPois   .            c - +0 hat
rElec   .            (no cloak)
rCorr   .            (no gloves)
SInv    .            (no boots)
Will    .....        (no amulet)
Stlth   ++           (no ring)
HPRegen 0.23/turn    (no ring)
MPRegen 0.12/turn

%: no passive effects
@: no status effects
A: no striking features
a: no special abilities


You were on level 2 of the Dungeon.
You visited 1 branch of the dungeon, and saw 2 of its levels.

You collected 109 gold pieces.

Inventory:

Hand Weapons
 a - a +0 dagger (weapon)
Armour
 b - a +0 robe (worn)
 c - a +0 hat (worn)
Scrolls
 e - 2 scrolls of immolation {unknown}
 f - a scroll of teleportation {unknown}
 j - a scroll of fear {unknown}
 k - a scroll of brand weapon {unknown}
Potions
 d - a potion of magic
 g - a potion of heal wounds {unknown}
 h - a potion of ambrosia {unknown}
 i - a potion of lignification {unknown}


   Skills:
 - Level 1.0 Fighting
 - Level 1.0 Armour
 + Level 2.4 Dodging
 + Level 2.4 Stealth
 * Level 5.3 Spellcasting
 + Level 1.9 Conjurations
 - Level 1.1 Summonings
 - Level 1.1 Translocations


You had 4 spell levels left.
You knew the following spells:

 Your Spells              Type           Power      Damage    Failure   Level
a - Magic Dart            Conj           52%        1d5       4%          1
b - Mephitic Cloud        Conj/Pois/Air  7%         N/A       26%         3
c - Call Imp              Summ           18%        N/A       11%         2
d - Blink                 Tloc           18%        N/A       11%         2

Your spell library contained the following spells:

 Spells                   Type           Power      Damage    Failure   Level
 Slow                     Hex            20%        N/A       12%         1
 Cigotuvi's Dreadful Rot  Necr/Pois/Air  10%        N/A       17%         2
 Call Canine Familiar     Summ           9%         N/A       22%         3
 Portal Projectile        Hex/Tloc       14%        N/A       26%         3
 Leda's Liquefaction      Hex/Erth       2%         N/A       75%         4


Dungeon Overview and Level Annotations

Branches:
Dungeon (2/15)

Altars:

Shops:
D:2 (


Message History

Aiming: Magic Dart (safe; 4% risk of failure)
Press: ? - help, Shift-Dir - straight line, f/p - worm
Aim: a worm (severely wounded, 100% to hit)
The magic dart hits the worm but does no damage.
The worm is severely wounded.
Casting: Magic Dart (safe; 4% risk of failure)
Confirm with . or Enter, or press ? or * to list all spells.
You don't have enough magic to cast this spell.
Unknown command.
Casting: Magic Dart (safe; 4% risk of failure)
Confirm with . or Enter, or press ? or * to list all spells.
You don't have enough magic to cast this spell.
Unknown command.
Casting: Magic Dart (safe; 4% risk of failure)
Confirm with . or Enter, or press ? or * to list all spells.
You don't have enough magic to cast this spell.
Unknown command.
You completely miss the worm.
The worm is severely wounded.
The worm bites you.
You barely miss the worm.
The worm is heavily wounded.
The worm closely misses you.
You hit the worm but do no damage.
The worm is heavily wounded.
Your magical contamination has completely faded away.
You hit the worm but do no damage.
The worm is heavily wounded.
The worm bites you.
You hit the worm. You punch the worm.
The worm is severely wounded.
You hit the worm.
The worm is almost dead.
The worm bites you.
* * * LOW HITPOINT WARNING * * *
You hit the worm.
The worm is almost dead.
The worm bites you!
Ouch! That really hurt!
You die...

#...[.........#
#.....
#.......#######
#...(.
######.......#
#######'
#............#
#.......
#.####.......#
#.......
####.####
#....... #...#
##### #.......
###.##.....#
#.......
#.@w.....#
###+#...
####.$...# #.##
+#### #.# #.##
#..† #### ....
.... ...


You could see a worm.

Vanquished Creatures
  A gnoll (D:1)
  An adder (D:2)
  4 dart slugs
  A giant cockroach (D:1)
  A goblin (D:1)
  2 hobgoblins (D:1)
  3 jackals (D:2)
  A quokka (D:1)
  4 ball pythons
  5 bats
  5 rats
28 creatures vanquished.

Notes
Turn   | Place    | Note
-------+----------+-------------------------------------------
     0 | D:1      | pokeman the Deep Elf Hedge Wizard began the quest for the
                  | Orb.
     0 | D:1      | Reached XP level 1. HP: 10/10 MP: 7/7
   209 | D:1      | Reached XP level 2. HP: 16/16 MP: 4/9
   596 | D:1      | Reached skill level 5 in Spellcasting
   596 | D:1      | Reached XP level 3. HP: 19/20 MP: 1/11
   627 | D:1      | Learned a level 3 spell: Mephitic Cloud
   630 | D:1      | Learned a level 2 spell: Call Imp
   633 | D:1      | Learned a level 2 spell: Blink
   970 | D:2      | Reached skill level 1 in Fighting
  1104 | D:2      | Reached skill level 1 in Armour
  1192 | D:2      | Found Peucwaci's Weapon Boutique.
  1236 | D:2      | Slain by a worm

Illustrated notes

Levels and vault maps discovered:
D:1:      onia_arrival_handbag, layout_rooms
D:2:      layout_basic, serial_shops, shop

Skill      XL: |  1  2  3 |
---------------+----------+-----
Spellcasting   | 5 |  5.3
Fighting       | 1 |  1.0
Armour         | 1 |  1.0
Dodging        | |  2.4
Stealth        | |  2.4
Conjurations   | |  1.9
Summonings     | |  1.1
Translocations | |  1.1

Action                     || total
---------------------------++-------
  Melee: Dagger            ||    19
         Punch             ||     1
   Cast: Magic Dart        ||    80
 Armour: Robe              ||     1
  Dodge: Dodged            ||    20

Table legend: (Time is in decaauts)
 A = Elapsed time spent in this place.
 B = Non-inter-level travel time spent in this place.
 C = Inter-level travel time spent in this place.
 D = Time resting spent in this place.
 E = Time spent auto-exploring this place.
 F = Levels seen in this place.
 G = Mean time per level.
                   A        B        C        D        E       F      G
               +--------+--------+--------+--------+--------+-----+--------+
         Total |   1235 |   1209 |     26 |      6 |   1034 |   2 |  617.5 |
       Dungeon |   1235 |   1209 |     26 |      6 |   1034 |   2 |  617.5 |
               +--------+--------+--------+--------+--------+-----+--------+

Top non-repeatable levels by time:
     D:1: 771 daAuts
     D:2: 464 daAuts
